 Dungeon Crawl Stone Soup version 0.21-a0-442-g848f44b (webtiles) character file.

4094 kae the Carver (level 10, -4/88 HPs)
             Began as a Minotaur Fighter on Nov 13, 2017.
             Was a Priest of Okawaru.
             Killed from afar by Psyche (21 damage)
             ... with a wand of acid (?/15)
             ... while paralysed by Psyche
             ... on level 9 of the Dungeon.
             The game lasted 00:08:48 (8867 turns).

kae the Carver (Minotaur Fighter)                   Turns: 8867, Time: 00:08:49

Health: -4/88      AC:  6    Str: 22    XL:     10   Next: 5%
Magic:  11/11      EV:  2    Int:  7    God:    Okawaru [***...]
Gold:   493        SH:  0    Dex: 10    Spells: 9/9 levels left

rFire    + . .     SeeInvis .   D - +2 great sword (curse)
rCold    . . .     Gourm    .   (shield currently unavailable)
rNeg     . . .     Faith    .   b - +0 scale mail
rPois    .         Spirit   .   (helmet restricted)
rElec    .         Reflect  .   (no cloak)
rCorr    .         Harm     .   C - +1 pair of gloves
MR       .....                  (no boots)
Stlth    ..........             (no amulet)
HPRegen  0.24/turn              w - ring of protection from fire
MPRegen  0.12/turn              B - ring of wizardry

@: paralysed, corroded, drained
A: retaliatory headbutt, horns 2
a: Heroism, Renounce Religion


You were on level 9 of the Dungeon.
You worshipped Okawaru.
Okawaru was most pleased with you.
You were not hungry.

You visited 2 branches of the dungeon, and saw 10 of its levels.

You collected 493 gold pieces.

Inventory:

Hand Weapons
 a - a +1 long sword
 D - a cursed +2 great sword (weapon)
Missiles
 k - a throwing net (quivered)
Armour
 b - a +0 scale mail (worn)
 c - a +0 shield
 x - a +0 buckler
 C - a +1 pair of gloves (worn)
Jewellery
 w - a ring of protection from fire (left hand)
 B - a ring of wizardry (right hand)
Wands
 q - a wand of iceblast (1/15)
 F - a wand of clouds (5/9)
 I - a wand of lightning (3/15)
 J - a wand of lightning (5/15)
Scrolls
 i - 4 scrolls of magic mapping
 n - a scroll of enchant weapon
 o - a scroll of fear
 p - 2 scrolls of random uselessness
 s - 2 scrolls of recharging
 t - 2 scrolls of fog
 y - 3 scrolls of identify
 E - 3 scrolls of remove curse
Potions
 d - 2 potions of agility
 e - 4 potions of haste
 j - 3 potions of curing
 l - 6 potions of heal wounds
 r - 3 potions of lignification
 u - 2 potions of invisibility {unknown}
 v - 3 potions of flight
 z - a potion of berserk rage {unknown}
 H - a potion of degeneration {unknown}
Books
 g - the Grimoire of the Rocks
   (You found it on level 6 of the Dungeon)

   Spells                             Type                      Level
   a - Stone Arrow                    Conjuration/Earth            3
   b - Lee's Rapid Deconstruction     Earth                        5
   c - Iron Shot                      Conjuration/Earth            6
   d - Statue Form                    Transmutation/Earth          6
 A - a book of Clouds

   Spells                             Type                      Level
   a - Poisonous Vapours              Poison/Air                   2
   b - Mephitic Cloud                 Conjuration/Poison/Air       3
   c - Conjure Flame                  Conjuration/Fire             3
   d - Freezing Cloud                 Conjuration/Ice/Air          6
   e - Ring of Flames                 Charms/Fire                  7
Comestibles
 f - 9 bread rations
 h - 6 royal jellies
 m - 2 meat rations


   Skills:
 + Level 8.2(7.9) Fighting
 * Level 10.5(10.2) Long Blades
 + Level 8.2(7.9) Armour
 - Level 7.9(7.6) Shields
 + Level 2.5(2.2) Invocations
 + Level 3.9(3.6) Evocations


You had 9 spell levels left.
You didn't know any spells.

Dungeon Overview and Level Annotations

Branches:
Dungeon (9/15)             Temple (1/1) D:6
   Lair: D:8-11         Orc: D:9-12

Altars:
Ashenzari
Cheibriados
Dithmenos
Elyvilon
Gozag
Hepliaklqana
Kikubaaqudgha
Makhleb
Nemelex Xobeh
Okawaru
Qazlal
Ru
Sif Muna
Trog
Uskayaw
Vehumet
Wu Jian
Xom
Yredelemnul
Zin
The Shining One

Annotations:
D:8 1 runed door
D:9 Psyche


Innate Abilities, Weirdness & Mutations

You reflexively headbutt those who attack you in melee.
You have a pair of horns on your head.


Message History

Psyche is severely wounded.
Psyche hits you with a dagger of chaos.
You miss Psyche.
Psyche is severely wounded.
Psyche hits you but does no damage.
You suddenly lose the ability to move!
Psyche gestures wildly while chanting.
Psyche seems to speed up.
Psyche hits you with a dagger of chaos. Psyche freezes you.
Psyche hits you but does no damage. Psyche hits you with a dagger of chaos.
Psyche zaps a wand.
The bolt of acid hits you! The acid corrodes you!
You are splashed with acid!
The acid burns!
Psyche hits you with a dagger of chaos.
You feel drained.
Psyche zaps a wand.
The bolt of acid hits you!
* * * LOW HITPOINT WARNING * * *
You are splashed with acid!
The acid burns!
* * * LOW HITPOINT WARNING * * *
Psyche zaps a wand.
Helpless, you fail to dodge the bolt of acid.
You die...

##.## #.#.><...
#...# #.#...#.#
#...# ##.#...#.#
#>..# #.......#
####...####.##...##
............##..##
.รท............>##
............###.##
####...####.# ##@#
#...# #......@#
#...# ########.#
#(..# ... ##.## ###


You could see Psyche.

Vanquished Creatures
  A manticore (D:9)
  2 hippogriffs (D:7)
  A human (D:8)
  A yak (D:8)
  3 hogs (D:8)
  2 hungry ghosts
  An orc warrior (D:4)
  A sky beast (D:9)
  A phantom (D:4)
  4 ogres
  2 centaurs
  A crocodile (D:8)
  A scorpion (D:8)
  4 killer bees (D:8)
  5 wights (D:6)
  A howler monkey (D:9)
  An electric eel (D:8)
  2 centaur zombies
  A bullfrog zombie (D:8)
  2 jellies
  4 hounds
  2 quasits
  2 bullfrog skeletons
  A gnoll shaman (D:5)
  3 orc priests
  2 orc wizards (D:4)
  A centaur skeleton (D:8)
  6 worker ants
  2 iguanas
  3 hound skeletons
  A worker ant zombie (D:5)
  5 adders
  7 gnolls (D:5)
  A howler monkey skeleton (D:5)
  A shadow imp (D:6)
  An ooze (D:1)
  An adder skeleton (D:6)
  2 worms
  4 dart slugs
  3 leopard geckos
  13 orcs
  2 ball pythons
  6 giant cockroaches
  5 goblins
  9 hobgoblins
  20 jackals
  9 kobolds
  A quokka (D:6)
  9 bats
  4 frilled lizards
  A jackal skeleton (D:4)
  A quokka skeleton (D:4)
  10 rats
179 creatures vanquished.

Notes
Turn   | Place    | Note
-------+----------+-------------------------------------------
     0 | D:1      | kae the Minotaur Fighter began the quest for the Orb.
     0 | D:1      | Reached XP level 1. HP: 19/19 MP: 0/0
   189 | D:1      | Reached XP level 2. HP: 27/27 MP: 1/1
   203 | D:1      | Reached skill level 3 in Long Blades
   486 | D:1      | Reached XP level 3. HP: 33/33 MP: 2/2
   492 | D:1      | You fall through a shaft!
   605 | D:2      | Found a glowing golden altar of the Shining One.
  1051 | D:2      | Found an ancient bone altar of Kikubaaqudgha.
  1148 | D:2      | Found a glowing silver altar of Zin.
  1158 | D:2      | Found a snail-covered altar of Cheibriados.
  1161 | D:2      | Found an opulent altar of Gozag.
  1168 | D:2      | Found a shattered altar of Ashenzari.
  1208 | D:2      | Reached XP level 4. HP: 33/40 MP: 3/3
  1641 | D:3      | Reached skill level 4 in Long Blades
  2588 | D:4      | Reached XP level 5. HP: 20/47 MP: 4/4
  2894 | D:4      | Noticed a phantom
  2915 | D:4      | Killed a phantom
  2915 | D:4      | Reached skill level 5 in Fighting
  2915 | D:4      | Reached skill level 5 in Long Blades
  2915 | D:4      | Reached skill level 5 in Armour
  2915 | D:4      | Reached XP level 6. HP: 12/56 MP: 5/5
  3185 | D:4      | Reached skill level 5 in Shields
  3680 | D:4      | Noticed an orc warrior
  3710 | D:4      | Killed an orc warrior
  3710 | D:4      | Reached skill level 6 in Long Blades
  3725 | D:4      | Reached XP level 7. HP: 26/61 MP: 6/6
  4240 | D:5      | Entered Level 5 of the Dungeon
  4932 | D:5      | Reached skill level 7 in Long Blades
  5299 | D:5      | Found a deep blue altar of Sif Muna.
  5416 | D:6      | Reached XP level 8. HP: 51/70 MP: 7/7
  5674 | D:6      | Reached skill level 1 in Evocations
  5990 | D:6      | Reached skill level 8 in Long Blades
  6001 | D:6      | Found a staircase to the Ecumenical Temple.
  6019 | Temple   | Entered the Ecumenical Temple
  6093 | Temple   | Became a worshipper of Warmaster Okawaru
  6133 | D:6      | Identified the Grimoire of the Rocks
  6341 | D:6      | Found a shadowy altar of Dithmenos.
  6623 | D:7      | Noticed a hippogriff
  6632 | D:7      | Killed a hippogriff
  6739 | D:7      | Found a bloodstained altar of Trog.
  6809 | D:7      | Reached skill level 9 in Long Blades
  6809 | D:7      | Reached XP level 9. HP: 53/79 MP: 9/9
  7597 | D:7      | Reached * piety under Okawaru
  7872 | D:8      | Found an ornate altar of the Wu Jian Council.
  8230 | D:8      | Found a runed door.
  8230 | D:8      | Noticed a sixfirhy
  8266 | D:8      | Reached skill level 1 in Invocations
  8270 | D:8      | Reached ** piety under Okawaru
  8271 | D:8      | Reached skill level 10 in Long Blades
  8478 | D:9      | Found an ornate altar of the Wu Jian Council.
  8606 | D:9      | Noticed a manticore
  8614 | D:9      | Killed a manticore
  8614 | D:9      | Reached XP level 10. HP: 61/88 MP: 11/11
  8793 | D:9      | Reached *** piety under Okawaru
  8855 | D:9      | Noticed Psyche
  8863 | D:9      | Paralysed by Psyche for 5 turns
  8867 | D:9      | Killed from afar by Psyche

Vault maps used:
D:1:      dpeg_arrival_lava_temple_mockup, minmay_statues_item
D:2:      lemuel_coloured_pillars_altar, kiku_gazebo_garden_becter,
          grunt_temple_overflow_cloverleaf, minmay_door_square
D:3:      cheibrodos_old_hovel, minmay_cupped
D:4:      first_bread
D:5:      kennysheep_mini_moat, hangedman_decor_opposing
D:6:      nicolae_dithmenos_through_a_glass_darkly, minmay_temple_entry_glass,
          minmay_misc_feat_secret_circle
D:7:      basic_altar
D:8:      cheibrodos_shockbox, basic_altar, grunt_livestock, minivault_4
D:9:      fedhas_altar_1, overflow_temple_1_default, uniq_psyche
Temple:   nicolae_temple_x_marks_the_god

Skill      XL: |  1  2  3  4  5  6  7  8  9 |
---------------+----------------------------+-----
Long Blades    | 3 4 5 6 7 9 10 | 10.5
Armour         | 4 5 6 7 8 |  8.2
Fighting       | 4 5 6 7 8 |  8.2
Shields        | 4 5 6 7 |  7.9
Evocations     | 2 3 |  3.9
Invocations    | 2 |  2.5

Action                   |  1- 3 |  4- 6 |  7- 9 | 10-12 || total
-------------------------+-------+-------+-------+-------++-------
Melee: Long sword        |    99 |   149 |   297 |       ||   545
       Headbutt          |    18 |    19 |    71 |     3 ||   111
       Great sword       |       |       |    16 |    22 ||    38
Invok: Heroism           |       |       |     1 |       ||     1
Evoke: Wand              |       |     1 |     3 |       ||     4
  Use: Scroll            |       |    13 |     6 |       ||    19
       Potion            |       |       |     1 |       ||     1
  Eat: Chunk             |     1 |     8 |    13 |       ||    22
       Fruit             |       |       |     1 |     1 ||     2
       Meat ration       |       |       |     1 |       ||     1
       Royal jelly       |       |       |       |     1 ||     1
Armor: Scale mail        |    45 |    51 |   132 |    14 ||   242
Dodge: Dodged            |    30 |    48 |   102 |     6 ||   186
Block: Shield            |    54 |    45 |   150 |       ||   249
       Buckler           |       |     5 |       |       ||     5
       Rpst.: Long sword |     9 |    15 |    16 |       ||    40
       Great sword       |       |       |     3 |     2 ||     5

Table legend:
 A = Spawn XP
 B = Non-spawn XP
 C = Spawn XP percentage of total XP
 D = Spawn monster count
 E = Non-spawn monster count
 F = Spawn count percentage of total count
 G = Total turns spent on level
                    A         B        C        D         E        F      G
               +---------+---------+-------+---------+---------+-------+---------
         Total |       0 |    5849 |   0.0 |       0 |     179 |   0.0 |  8867
               +---------+---------+-------+---------+---------+-------+---------
           D:1 |       0 |      46 |   0.0 |       0 |      21 |   0.0 |   638
           D:2 |       0 |      81 |   0.0 |       0 |      26 |   0.0 |   944
           D:3 |       0 |      44 |   0.0 |       0 |      20 |   0.0 |   997
           D:4 |       0 |     634 |   0.0 |       0 |      27 |   0.0 |  1816
           D:5 |       0 |     548 |   0.0 |       0 |      28 |   0.0 |  1016
           D:6 |       0 |    1026 |   0.0 |       0 |      19 |   0.0 |  1090
           D:7 |       0 |     826 |   0.0 |       0 |      10 |   0.0 |  1166
           D:8 |       0 |    1727 |   0.0 |       0 |      18 |   0.0 |   731
           D:9 |       0 |     917 |   0.0 |       0 |      10 |   0.0 |   402
               +---------+---------+-------+---------+---------+-------+---------
